 Dungeon Crawl Stone Soup version 0.23-a0-73-g64c3ba73d4 (webtiles) character file.

35 Holzbalken the Chiller (level 3, -4/24 HPs)
             Began as a Merfolk Ice Elementalist on Aug 10, 2018.
             Slain by a kobold
             ... wielding a +0 short sword
              (5 damage)
             ... on level 1 of the Dungeon.
             The game lasted 00:02:58 (590 turns).

Holzbalken the Chiller (Merfolk Ice Elementalist)    Turns: 590, Time: 00:02:59

Health: -4/24      AC:  2    Str:  9    XL:     3   Next: 33%
Magic:  2/6        EV: 13    Int: 14    God:
Gold:   40         SH:  0    Dex: 14    Spells: 6/7 levels left

rFire    . . .     SeeInvis .   (no weapon)
rCold    . . .     Gourm    .   (no shield)
rNeg     . . .     Faith    .   a - +0 robe
rPois    .         Spirit   .   (no helmet)
rElec    .         Reflect  .   (no cloak)
rCorr    .         Harm     .   (no gloves)
MR       .....                  (no boots)
Stlth    ++........             (no amulet)
HPRegen  0.08/turn              (no ring)
MPRegen  0.10/turn              (no ring)

@: no status effects
A: change form in water, swift swim, stealthy swim
a: no special abilities


You were on level 1 of the Dungeon.
You were not hungry.

You visited 1 branch of the dungeon, and saw 1 of its levels.

You collected 40 gold pieces.

Inventory:

Armour
 a - a +0 robe (worn)
Scrolls
 b - a scroll of teleportation {unknown}
 d - 2 scrolls of identify {unknown}
 e - a scroll of remove curse {unknown}
 h - a scroll of noise {unknown}
Potions
 g - a potion of might {unknown}
 i - a potion of agility {unknown}
Comestibles
 c - 2 rations
 f - 3 chunks of flesh


   Skills:
 + Level 3.2 Dodging
 - Level 2.1 Stealth
 * Level 2.6 Spellcasting
   Level 0.7 Conjurations
 * Level 3.9 Ice Magic


You had 6 spell levels left.
You knew the following spells:

 Your Spells              Type           Power        Failure   Level  Hunger
a - Freeze                Ice            ##..         4%          1    #......

Your spell library contained the following spells:

 Spells                   Type           Power        Failure   Level  Hunger
 Throw Frost              Conj/Ice       #.....       13%         2    ###....
 Summon Ice Beast         Ice/Summ       #.......     69%         4    #####..
 Ozocubu's Armour         Chrm/Ice       #.......     30%         3    ###....
 Throw Icicle             Conj/Ice       #.......     63%         4    #####..


Dungeon Overview and Level Annotations

Branches:
Dungeon (1/15)

Altars:


Message History

You kill the jackal!
You hit the kobold.
The kobold is moderately wounded.
The kobold closely misses you.
You closely miss the kobold.
The kobold is moderately wounded.
The kobold barely misses you.
You hit the kobold but do no damage.
The kobold is moderately wounded.
The kobold misses you.
You barely miss the kobold.
The kobold is moderately wounded.
The kobold hits you but does no damage.
You closely miss the kobold.
The kobold is moderately wounded.
The kobold barely misses you.
You closely miss the kobold.
The kobold is moderately wounded.
The kobold hits you with a short sword.
You die...

#.........##........#
###.........##........#########
.##.........##.#####..........#
.#>...............##.#........#
.#.............##.##.#........#
.#..........#####..#.#........#
...#######'#.........#........#
...#....##.##.####.###'########
...'รท...'.......@Kr...........
...#(...##....####'##.........
...#....####### #.............
...#....# #............#
...#....# #..K.........#
...###### #............# ##
...# #............##.. ...#
#.....###........ ...#
####..##.........


You could see a kobold and a rat.

Vanquished Creatures
  A gnoll (D:1)
  2 dart slugs (D:1)
  A giant cockroach (D:1)
  A goblin (D:1)
  8 jackals (D:1)
  2 kobolds (D:1)
  2 bats (D:1)
  2 frilled lizards (D:1)
  A rat (D:1)
20 creatures vanquished.

Notes
Turn   | Place    | Note
-------+----------+-------------------------------------------
     0 | D:1      | Holzbalken the Merfolk Ice Elementalist began the quest for the Orb.
     0 | D:1      | Reached XP level 1. HP: 13/13 MP: 3/3
   165 | D:1      | Reached XP level 2. HP: 19/19 MP: 0/5
   510 | D:1      | Reached XP level 3. HP: 22/24 MP: 0/6
   579 | D:1      | HP: 1/24 [jackal (1)]
   590 | D:1      | Slain by a kobold

Vault maps used:
D:1:      giann_horns

Skill      XL: |  1 |
---------------+----+-----
Dodging        | 3 |  3.2
Stealth        | |  2.1
Spellcasting   | |  2.6
Conjurations   | |  0.7
Ice Magic      | |  3.9

Action                   || total
-------------------------++-------
Melee: Unarmed           ||    67
 Cast: Freeze            ||    26
Armor: Robe              ||    17
Dodge: Dodged            ||    85

Table legend:
 A = Non-vault XP
 B = Vault XP
 C = Vault XP percentage of total XP
 D = Non-vault monster count
 E = Vault monster count
 F = Vault count percentage of total count
 G = Total turns spent on level
                 A         B        C        D         E       F
            +---------+---------+-------+---------+---------+-------
      Total |      50 |       0 |   0.0 |      20 |       0 |   0.0
            +---------+---------+-------+---------+---------+-------
        D:1 |      50 |       0 |   0.0 |      20 |       0 |   0.0
            +---------+---------+-------+---------+---------+-------
